 Dungeon Crawl Stone Soup version 0.26-a0-667-g92642533e4 (webtiles) character file.

Game seed: 7169240591332680639

5123 marklar909 the Bolt Thrower (level 10, -13/79 HPs)
             Began as a Formicid Hunter on Oct 17, 2020.
             Was a Follower of Okawaru.
             Mangled by an orc warrior
             ... wielding a +0 battleaxe
              (24 damage)
             ... on level 7 of the Dungeon.
             The game lasted 00:20:24 (14650 turns).

marklar909 the Bolt Thrower (Formicid Hunter)      Turns: 14650, Time: 00:20:24

Health: -13/79     AC:  4    Str: 17    XL:     10   Next: 88%
Magic:  0/16       EV: 13    Int: 11    God:    Okawaru [*.....]
Gold:   396        SH:  0    Dex: 14    Spells: 17/17 levels left

rFire    . . .     SeeInvis +   b - +2 flail
rCold    . . .     Faith    .   (no shield)
rNeg     . . .     Spirit   +   c - +1 leather armour
rPois    +         Reflect  .   (helmet unavailable)
rElec    .         Harm     .   (no cloak)
rCorr    +         Rampage  .   (no gloves)
MR       +....                  (no boots)
Stlth    ++........             h - amulet of guardian spirit
HPRegen  0.23/turn              r - ring of poison resistance
MPRegen  0.15/turn              p - ring of resist corrosion

@: heavily drained
A: permanent stasis, dig shafts and tunnels, four strong arms, antennae 3
a: Dig, Shaft Self, Heroism, Renounce Religion


You were on level 7 of the Dungeon.
You worshipped Okawaru.
Okawaru was aware of your devotion.
You visited 2 branches of the dungeon, and saw 8 of its levels.
You also visited: Ossuary.

You collected 396 gold pieces.

Inventory:

Hand Weapons
 a - a +2 hand crossbow
 b - a +2 flail (weapon)
Missiles
 d - 2 bolts
Armour
 c - a +1 leather armour (worn)
 e - the +10 plate armour of Wasted Space {rPois}
   (You acquired it in an ossuary)

   It protects you from poison.
 t - a +2 chain mail of cold resistance
Jewellery
 h - an amulet of guardian spirit (around neck)
 p - a ring of resist corrosion (right hand)
 r - a ring of poison resistance (left hand)
Wands
 j - a wand of iceblast (6)
 m - a wand of paralysis (9)
 u - a wand of digging (3)
 v - a wand of acid (5)
Scrolls
 f - a scroll of identify
 l - 6 scrolls of remove curse
 A - a scroll of fear {unknown}
 B - a scroll of immolation {unknown}
Potions
 g - a potion of stabbing
 i - 2 potions of resistance
 k - 4 potions of lignification
 n - 2 potions of haste
 o - 11 potions of curing
 q - 2 potions of might
 s - 4 potions of heal wounds
 w - a potion of brilliance {unknown}
 x - a potion of invisibility {unknown}
 z - a potion of mutation {unknown}
 C - 3 potions of magic


   Skills:
 + Level 7.2(5.0) Fighting
 + Level 6.5(4.3) Maces & Flails
 + Level 7.9(5.6) Crossbows
 + Level 4.2(2.1) Throwing
 + Level 6.6(4.4) Armour
 + Level 5.6(3.5) Dodging
 + Level 6.3(4.1) Stealth
   Level 5.0(2.9) Shields
 + Level 4.1(2.1) Unarmed Combat
 + Level 4.3(2.3) Spellcasting
 + Level 5.0(2.9) Invocations
 + Level 4.5(2.5) Evocations


You had 17 spell levels left.
You didn't know any spells.
Your spell library was empty.

Dungeon Overview and Level Annotations

Branches:
Dungeon (7/15)             Temple (1/1) D:4         Ossuary (visited)

Altars:
Ashenzari
Cheibriados
Dithmenos
Elyvilon
Fedhas
Gozag
Makhleb
Nemelex Xobeh
Okawaru
Ru
Sif Muna
Trog
Uskayaw
Wu Jian
Xom
Yredelemnul
Zin
The Shining One

Shops:
D:7 [


Innate Abilities, Weirdness & Mutations

You cannot be hasted, slowed, berserked, paralysed or teleported.
You can dig through walls and to a lower floor.
Your four strong arms can wield two-handed weapons with a shield.
You have a pair of large antennae on your head. (SInv)


Message History

The orc warrior hits you but does no damage.
You hit the orc warrior.
The orc warrior is heavily wounded.
The orc warrior hits you with a +0 battleaxe!
* * * LOW HITPOINT WARNING * * *
You hit the orc warrior.
The orc warrior is heavily wounded.
You feel less wooden.
Your +1 leather armour unmelds from your body.
You barely miss the orc warrior.
The orc warrior is heavily wounded.
The orc warrior hits you with a +0 battleaxe!
* * * LOW HITPOINT WARNING * * *
You hit the orc warrior.
The orc warrior is heavily wounded.
The orc warrior completely misses you.
You hit the orc warrior but do no damage.
The orc warrior is heavily wounded.
The orc warrior hits you with a +0 battleaxe!!
You die...

....##.....#.......##.##.........
..#...............÷....(.........
..##.............................
.................................
............####.####.##.........
.......###...###.####............
......## #......o................
.....#8# ###..##o####.........##
......## ##.##@# #...#'#...#
.......######.##.####...#.#...#
............#..#......###.###÷#
.........#'###.#......#.....#.#
...).....#∩###.#......###.###.#
..##.....#####.#........#.#...#
..#.........##.#........###...#
............##................#
...#........###............####


You could see an orc warrior and an orc.

Vanquished Creatures
  Maggie (D:7)
  Sigmund (D:6)
  Duvessa (D:4)
  A hornet zombie (Ossuary)
  A phantom (D:5)
  An ogre (D:6)
  Blork the orc (D:5)
  2 bullfrogs
  Dowan (D:4)
  A water moccasin zombie (Ossuary)
  A scorpion (D:7)
  3 wights
  2 howler monkeys
  2 centaur zombies (Ossuary)
  A bullfrog zombie (Ossuary)
  3 hounds
  2 orc priests (D:5)
  A bullfrog skeleton (D:4)
  A centaur skeleton (D:5)
  Terence (D:3)
  6 orc wizards
  An iguana (D:6)
  4 worker ants
  3 killer bee zombies
  A hound zombie (Ossuary)
  19 mummies (Ossuary)
  A worker ant zombie (Ossuary)
  17 gnolls
  6 adders
  2 white imps (D:5)
  3 oozes
  3 adder zombies (Ossuary)
  An adder skeleton (D:5)
  2 worms
  6 leopard geckos
  18 orcs
  6 giant cockroaches
  6 goblins
  4 hobgoblins
  10 jackals
  3 quokkas
  A ball python (D:2)
  5 bats
  4 frilled lizards
  2 jackal zombies
  3 kobolds
  2 quokka zombies (Ossuary)
  4 rats (D:1)
171 creatures vanquished.

Vanquished Creatures (others)
  7 toadstools (D:1)
  4 withered plants (Ossuary)
11 creatures vanquished.

Grand Total: 182 creatures vanquished

Notes
Turn   | Place    | Note
-------+----------+-------------------------------------------
     0 | D:1      | marklar909 the Formicid Hunter began the quest for the Orb.
     0 | D:1      | Reached XP level 1. HP: 16/16 MP: 1/1
   124 | D:1      | Reached XP level 2. HP: 22/22 MP: 2/2
   542 | D:1      | Found a glowing golden altar of the Shining One.
   975 | D:2      | Found a shadowy altar of Dithmenos.
  1010 | D:2      | Reached XP level 3. HP: 27/27 MP: 3/3
  1180 | D:2      | Reached skill level 5 in Crossbows
  1180 | D:2      | Reached XP level 4. HP: 26/34 MP: 4/4
  1975 | D:3      | Noticed Terence
  2031 | D:3      | Reached XP level 5. HP: 40/40 MP: 5/5
  2043 | D:3      | Reached skill level 1 in Armour
  2461 | D:3      | Reached XP level 6. HP: 47/47 MP: 6/6
  2479 | D:3      | Found a white marble altar of Elyvilon.
  2541 | D:3      | Found a basalt altar of Yredelemnul.
  2728 | D:3      | Killed Terence
  3382 | D:3      | Found a bloodstained altar of Trog.
  3927 | D:4      | Found a sparkling altar of Nemelex Xobeh.
  4154 | D:4      | Found a staircase to the Ecumenical Temple.
  4178 | D:4      | Noticed Duvessa
  4180 | D:4      | Noticed Dowan
  4968 | D:4      | Reached XP level 7. HP: 27/53 MP: 4/7
  5275 | D:4      | Found an opulent altar of Gozag.
  5407 | Temple   | Entered the Ecumenical Temple
  5793 | Temple   | Became a worshipper of Warmaster Okawaru
  5893 | D:5      | Entered Level 5 of the Dungeon
  5922 | D:5      | Noticed Blork the orc
  7053 | D:5      | Reached skill level 1 in Maces & Flails
  8660 | D:5      | Killed Blork the orc
  8719 | D:5      | Reached XP level 8. HP: 55/61 MP: 5/8
  9526 | D:5      | Reached skill level 5 in Fighting
  9526 | D:5      | Reached skill level 5 in Armour
  9526 | D:5      | Reached skill level 5 in Stealth
  9526 | D:5      | Reached XP level 9. HP: 69/69 MP: 8/14
  9527 | D:5      | Reached skill level 5 in Maces & Flails
  9527 | D:5      | Reached skill level 5 in Dodging
  9527 | D:5      | Reached skill level 5 in Shields
  9527 | D:5      | Reached skill level 5 in Invocations
  9527 | D:5      | Reached XP level 10. HP: 77/77 MP: 8/16
  9866 | D:6      | Noticed Sigmund
  9877 | D:6      | Killed Sigmund
 10973 | D:4      | Killed Duvessa
 10982 | D:4      | Killed Dowan
 11776 | D:5      | Reached * piety under Okawaru
 12669 | D:7      | Found Maodilua's Antique Armour Boutique.
 12745 | D:7      | Found a sand-covered staircase.
 12777 | Ossuary  | Entered an ossuary
 14531 | Ossuary  | Identified a scroll of acquirement
 14531 | Ossuary  | Acquired the +10 plate armour of Wasted Space {rPois}
 14585 | D:7      | Noticed Maggie
 14629 | D:7      | Killed Maggie
 14650 | D:7      | Mangled by an orc warrior

Illustrated notes

Levels and vault maps discovered:
D:1:      nagdon_arrival_double_spiral, layout_loops_ring, tso_altar
D:2:      layout_basic, overflow_temple_1_default
D:3:      layout_loops_cross, kennysheep_ying_yang, trog_book, uniq_terence
D:4:      layout_basic, marbit_many_paths,
          nicolae_gozag_cash_rules_everything_around_me,
          minmay_temple_entry_ruins, minmay_close_crescents, uniq_duvessa
D:5:      layout_loops_cross, st_stairs_9, uniq_blork_the_orc
D:6:      layout_loops_ring, chequers_temple_overflow_minitemple, uniq_sigmund
D:7:      layout_basic, serial_shops, nicolae_shop_window_shopping,
          nicolae_ossuary_entry_plus, kennysheep_decorative_pillar, uniq_pikel,
          uniq_maggie, uniq_joseph
Temple:   minmay_temple_forest_path

Skill      XL: |  1  2  3  4  5  6  7  8  9 10 |
---------------+-------------------------------+-----
Crossbows      | 5 6 7 |  7.9
Armour         | 1 2 3 5 6 |  6.6
Dodging        | 2 3 4 5 |  5.6
Fighting       | 3 4 5 6 7 |  7.2
Maces & Flails | 2 4 5 6 |  6.5
Stealth        | 2 5 6 |  6.3
Throwing       | 3 4 |  4.2
Shields        | 4 5 |  5.0
Unarmed Combat | 3 4 |  4.1
Spellcasting   | 3 4 |  4.3
Invocations    | 4 5 |  5.0
Evocations     | 3 4 |  4.5

Action                   |  1- 3 |  4- 6 |  7- 9 | 10-12 || total
-------------------------+-------+-------+-------+-------++-------
Melee: Club              |    16 |    36 |       |       ||    52
       Short sword       |    10 |       |       |       ||    10
       Whip              |       |    55 |    92 |       ||   147
       Flail             |       |       |   130 |   443 ||   573
       Punch             |       |       |       |     2 ||     2
 Fire: Hand crossbow     |    53 |    98 |     5 |     2 ||   158
 Abil: Dig               |       |       |     2 |       ||     2
Evoke: Wand              |       |       |       |     2 ||     2
  Use: Scroll            |       |     8 |     8 |     5 ||    21
       Potion            |       |       |     3 |     4 ||     7
 Stab: Sleeping          |     1 |       |     1 |     2 ||     4
       Distracted        |       |       |       |     1 ||     1
Armor: Leather armour    |    11 |    34 |    59 |    53 ||   157
       Skin              |       |       |       |    29 ||    29
Dodge: Dodged            |    38 |    96 |   127 |   239 ||   500

Table legend: (Time is in decaauts)
 A = Elapsed time spent in this place.
 B = Non-inter-level travel time spent in this place.
 C = Inter-level travel time spent in this place.
 D = Time resting spent in this place.
 E = Time spent auto-exploring this place.
 F = Levels seen in this place.
 G = Mean time per level.
                   A        B        C        D        E       F      G
               +--------+--------+--------+--------+--------+-----+--------+
         Total |  14856 |  13483 |   1373 |   5216 |   5814 |   9 | 1650.7 |
       Dungeon |  12570 |  11305 |   1265 |   4110 |   5260 |   7 | 1795.7 |
        Temple |    425 |    317 |    108 |      0 |    316 |   1 |  425.0 |
       Ossuary |   1860 |   1860 |      0 |   1106 |    238 |   1 | 1860.0 |
               +--------+--------+--------+--------+--------+-----+--------+

Top non-repeatable levels by time:
     D:4: 3719 daAuts
     D:5: 2672 daAuts
     D:3: 2068 daAuts
 Ossuary: 1860 daAuts
     D:6: 1258 daAuts
     D:2: 1223 daAuts
     D:1: 1062 daAuts
     D:7: 564 daAuts
  Temple: 425 daAuts
